AoeStats
← anirudhgupta8992

Highland

505699815Analyzed
4v4 RM · 21d ago on Sep 10, 2026· 50m 27s· 8 players
Game mode
Random Map
Map size
Large (8 player)
Population
200
Speed
Normal
Resources
Standard
Victory
Conquest
Starting age
Dark Age
Ending age
Imperial Age
RankedLock teamsTeams togetherTeam positionsShared explorationLock speedFull tech treeHidden civsTurbo modeCheats
Victory
Defeat
🇺🇸 Huns · United States
895
+13
🇨🇱 Wei · Chile
893
+13
🇺🇸 Khitans · United States
888
+13
🇲🇽 Persians · Mexico
812
+17
🇷🇺 Cumans · Russia
862
-15
🇮🇳 Hindustanis · India
845
-36
🇮🇳 Persians · India
819
-37
🇹🇷 Mongols · Türkiye
775
-12
anirudhgupta8992
5:30 Loom
13:06 Feudal Age
14:08 Double-Bit Axe
16:13 Wheelbarrow
17:27 Stone Mining
17:43 Town Watch
19:44 Horse Collar
D21
7:38 Loom
9:48 Feudal Age
12:02 Double-Bit Axe
18:46 Castle Age
20:14 Wheelbarrow
19:52 Crossbowman
BluntMachete293
12:29 Feudal Age
15:54 Loom
16:46 Wheelbarrow
15:58 Town Watch
18:47 Horse Collar
20:20 Man-at-Arms
26:30 Castle Age
25:58 Padded Archer Armor
25:49 Fletching
26:09 Forging
26:00 Scale Mail Armor
26:05 Scale Barding Armor
27:11 Crossbowman
27:12 Elite Skirmisher
28:12 Bloodlines
32:04 Sanctity
41:19 Double-Bit Axe
Etheling
0:41 Loom
9:58 Loom
12:33 Feudal Age
12:59 Horse Collar
13:07 Double-Bit Axe
13:42 Gold Mining
14:27 Stone Mining
16:27 Wheelbarrow
17:21 Wheelbarrow
22:13 Castle Age
21:03 Bloodlines
21:31 Forging
22:40 Scale Barding Armor
25:52 Chain Barding Armor
26:00 Fletching
28:09 Bodkin Arrow
29:19 Padded Archer Armor
31:40 Bow Saw
32:20 Heavy Plow
37:34 Ballistics
37:11 Murder Holes
39:33 Gold Shaft Mining
43:27 Imperial Age
41:49 Leather Archer Armor
44:47 Conscription
44:53 Cavalier
46:16 Plate Barding Armor
48:12 Iron Casting
48:08 Ring Archer Armor
Gut Check
10:41 Feudal Age
12:06 Wheelbarrow
11:48 Double-Bit Axe
12:09 Town Watch
13:45 Fishing Lines
14:18 Stone Mining
21:33 Castle Age
20:55 Bloodlines
21:12 Horse Collar
22:18 Scale Barding Armor
22:24 Forging
23:02 Hand Cart
22:33 Loom
23:56 Husbandry
26:34 Light Cavalry
28:07 Caravan
30:41 Chain Barding Armor
30:57 Iron Casting
38:36 Imperial Age
37:24 Ballistics
37:16 Masonry
40:23 Conscription
39:24 Elite Tarkan
40:06 Marauders
41:16 Blast Furnace
40:52 Plate Barding Armor
44:12 Chemistry
43:07 Fletching
43:16 Hussar
50:25 Spies/Treason
messman2020
1:21 Loom
13:39 Feudal Age
18:06 Castle Age
16:34 Double-Bit Axe
16:30 Domestication
17:01 Gold Mining
19:13 Bow Saw
19:42 Wheelbarrow
21:08 Stone Mining
23:32 Hand Cart
24:55 Fervor
26:14 Fletching
26:24 Padded Archer Armor
26:30 Scale Barding Armor
26:35 Forging
26:37 Town Watch
27:58 Fortified Wall
28:09 Ballistics
27:45 Murder Holes
28:16 Ballistics
28:44 Town Patrol
30:10 Pastoralism
33:01 Imperial Age
30:42 Man-at-Arms
31:08 Arson
31:25 Squires
31:10 Gambesons
31:37 Scale Mail Armor
32:12 Iron Casting
31:53 Long Swordsman
32:59 Pikeman
34:22 Two-Handed Swordsman
34:36 Capped Ram
36:39 Transhumance
35:43 Champion
35:52 Siege Ram
36:29 Elite Fire Lancer
37:34 Chain Mail Armor
37:14 Bodkin Arrow
37:35 Leather Archer Armor
37:41 Chain Barding Armor
38:39 Two-Man Saw
38:21 Conscription
38:09 Lamellar Armor
38:29 Heavy Rocket Cart
39:57 Plate Mail Armor
41:01 Elite Liao Dao
44:19 Caravan
46:07 Siege Engineers
47:03 Chemistry
46:13 Masonry
49:03 Spies/Treason
Rompe--Anos
0:28 Loom
13:23 Feudal Age
18:04 Castle Age
16:21 Double-Bit Axe
25:13 Bow Saw
24:46 Horse Collar
28:03 Heavy Plow
28:37 Gold Mining
31:39 Imperial Age
29:56 Wheelbarrow
31:31 Scale Barding Armor
32:05 Bloodlines
31:57 Husbandry
32:30 Hand Cart
33:20 Two-Man Saw
32:54 Crop Rotation
32:51 Chain Barding Armor
32:44 Forging
33:41 Ballistics
34:53 Town Watch
36:57 Iron Casting
36:59 Plate Barding Armor
37:06 Gold Shaft Mining
38:41 Chemistry
38:24 Conscription
37:28 Elite War Elephant
38:37 Heavy Camel Rider
38:53 Light Cavalry
41:39 Blast Furnace
43:36 Padded Archer Armor
43:40 Scale Mail Armor
44:30 Town Patrol
45:37 Caravan
46:42 Leather Archer Armor
47:59 Ring Archer Armor
47:21 Fletching
50:32 Citadels
50:24 Kamandaran
50:43 Chain Mail Armor
50:25 Bodkin Arrow
50:23 Guard Tower
50:12 Sappers
51:37 Hoardings
SSC LyonM
10:39 Feudal Age
9:52 Loom
11:07 Horse Collar
12:25 Double-Bit Axe
21:02 Castle Age
19:46 Forging
20:59 Bloodlines
21:13 Scale Barding Armor
27:08 Town Watch
27:59 Wheelbarrow
27:40 Husbandry
29:08 Bow Saw
29:52 Chain Barding Armor
30:07 Iron Casting
30:24 Heavy Plow
34:03 Town Patrol
39:21 Imperial Age
38:49 Hand Cart
39:15 Fletching
40:39 Coinage
40:09 Caravan
40:42 Caravan
42:07 Parthian Tactics
41:48 Thumb Ring
42:51 Bodkin Arrow
42:56 Padded Archer Armor
43:32 Iron Casting
44:06 Banking
43:38 Capped Ram
46:35 Elite Tiger Cavalry
47:42 Ming Guang Armor
47:17 Tuntian
47:48 Ballistics
49:45 Conscription
49:27 Tuntian
50:03 Hoardings
49:04 Spies/Treason
51:02 Blast Furnace
50:03 Scale Mail Armor
50:03 Bracer
50:18 Leather Archer Armor
Connection lost

Rejoining the realm…

Still unreachable

The connection could not be restored.

Session expired

The server has moved on; the page needs a fresh start.